 Dungeon Crawl Stone Soup version 0.26-a0-651-gb41185065b (webtiles) character file.

Game seed: 14304953065403944076

267 Lanoc the Ruffian (level 6, -3/57 HPs)
             Began as a Troll Transmuter on Oct 9, 2020.
             Killed by divine providence
             ... invoked by an orc priest
              (10 damage)
             ... on level 3 of the Dungeon.
             The game lasted 00:02:27 (937 turns).

Lanoc the Ruffian (Troll Transmuter)                 Turns: 937, Time: 00:02:27

Health: -3/57      AC:  6    Str: 19    XL:     6   Next: 0%
Magic:  6/6        EV: 10    Int: 10    God:
Gold:   105        SH:  0    Dex: 11    Spells: 4/7 levels left

rFire    . . .     SeeInvis .     - Unarmed
rCold    . . .     Faith    .   (no shield)
rNeg     . . .     Spirit   .   a - +0 robe
rPois    .         Reflect  .   (helmet restricted)
rElec    .         Harm     .   (no cloak)
rCorr    .         Rampage  .   (gloves unavailable)
MR       .....                  (boots unavailable)
Stlth    +.........             (no amulet)
HPRegen  0.59/turn              (no ring)
MPRegen  0.10/turn              (no ring)

@: no status effects
A: large, unfitting armour, claws 3, regeneration 1, shaggy fur 1, tough skin 3
a: no special abilities


You were on level 3 of the Dungeon.
You visited 1 branch of the dungeon, and saw 3 of its levels.

You collected 105 gold pieces.

Inventory:

Armour
 a - a +0 robe (worn)
Wands
 d - a wand of polymorph (8)
Scrolls
 b - 4 scrolls of identify {unknown}
 c - 2 scrolls of amnesia {unknown}
 e - a scroll of teleportation {unknown}
 h - a scroll of random uselessness {unknown}


   Skills:
 + Level 2.2 Fighting
 + Level 2.6 Dodging
 * Level 4.8 Unarmed Combat
 - Level 1.2 Spellcasting
 + Level 2.4 Transmutations


You had 4 spell levels left.
You knew the following spells:

 Your Spells              Type           Power        Failure   Level
a - Beastly Appendage     Tmut           #.....       12%         1
b - Wereblood             Tmut           #.......     19%         2

Your spell library contained the following spells:

 Spells                   Type           Power        Failure   Level
 Spider Form              Tmut/Pois      #.........   52%         3
 Ice Form                 Ice/Tmut       #.......     90%         4
 Blade Hands              Tmut           #.........   98%         5


Dungeon Overview and Level Annotations

Branches:
Dungeon (3/15)

Altars:


Innate Abilities, Weirdness & Mutations

You are too large for most types of armour.
You have claws for hands.
Your natural rate of healing is unusually fast.
You are covered in fur. (AC +1)
You have extremely tough skin. (AC +3)


Message History

A rat comes into view.
The orc priest closely misses you.
You closely miss the orc priest.
The orc priest is lightly wounded.
The orc priest hits you with a +0 morningstar.
Your magical contamination has completely faded away.
It was a potion of cancellation.
You feel magically purged.
The orc priest hits you with a +0 short sword.
* * * LOW HITPOINT WARNING * * *
It was a potion of curing.
You feel better. The orc priest closely misses you.
It was a potion of magic.
Magic courses through your body.
The orc priest hits you with a +0 morningstar.
The orc priest closely misses you. The orc hits you but does no damage.
The orc priest invokes the aid of Beogh against you.
Beogh smites you!
* * * LOW HITPOINT WARNING * * *
The orc priest looks encouraged for a moment.
The orc priest mumbles some strange prayers to Beogh against you.
Beogh smites you!
You die...

#.....#(#####.......
#.....#.####........
###.##..............
#.##...#..........
#.##..†...##).....
#######.#.....#........#
#...)...o.)......####...
..###.#.##.......# #.≈≈
#.#@#.<8..8..# ≈≈≈≈
#.........#8r.8≈≈≈≈≈≈≈≈≈
#.........#≈..≈≈≈≈≈≈≈≈≈≈
........≈≈≈≈..≈≈≈≈≈≈≈≈≈≈
≈≈.^.≈≈≈≈≈≈≈..≈≈≈≈≈o....
≈≈≈≈≈≈≈≈≈≈≈≈..≈≈≈.
≈≈≈≈≈≈≈≈≈≈≈≈..≈
≈≈≈≈≈≈≈≈≈≈#8..8


You could see an orc priest.

Vanquished Creatures
  Grinder (D:3)
  An orc priest (D:3)
  2 adders (D:3)
  A dart slug (D:1)
  A leopard gecko (D:3)
  An orc (D:3)
  3 bats
  3 giant cockroaches
  7 goblins
  3 hobgoblins
  5 kobolds
  3 quokkas (D:3)
  2 frilled lizards
  2 rats
35 creatures vanquished.

Notes
Turn   | Place    | Note
-------+----------+-------------------------------------------
     0 | D:1      | Lanoc the Troll Transmuter began the quest for the Orb.
     0 | D:1      | Reached XP level 1. HP: 18/18 MP: 1/1
   100 | D:1      | Reached skill level 1 in Fighting
   100 | D:1      | Reached XP level 2. HP: 23/27 MP: 0/2
   286 | D:1      | Learned a level 2 spell: Wereblood
   512 | D:3      | Noticed Grinder
   533 | D:3      | Paralysed by Grinder for 7 turns
   547 | D:3      | Killed Grinder
   547 | D:3      | Reached skill level 4 in Unarmed Combat
   547 | D:3      | Reached XP level 3. HP: 8/35 MP: 1/3
   547 | D:3      | Reached XP level 4. HP: 9/42 MP: 1/4
   547 | D:3      | Reached XP level 5. HP: 11/49 MP: 1/5
   926 | D:3      | Reached XP level 6. HP: 44/57 MP: 2/6
   937 | D:3      | Killed from afar by an orc priest

Illustrated notes

Levels and vault maps discovered:
D:1:      lightli_arrival_windingriver, layout_basic, chequers_garden
D:2:      layout_basic, fedhas_altar_fruit_tree, uniq_natasha, uniq_jessica,
          uniq_sigmund
D:3:      wander_river, layout_rooms, uniq_grinder

Skill      XL: |  1  2 |
---------------+-------+-----
Fighting       | 1 2 |  2.2
Dodging        | 2 |  2.6
Unarmed Combat | 4 |  4.8
Transmutations | 2 |  2.4
Spellcasting   | |  1.2

Action                   |  1- 3 |  4- 6 || total
-------------------------+-------+-------++-------
Melee: Unarmed           |    60 |    40 ||   100
       Kick              |     4 |     4 ||     8
       Headbutt          |     3 |     3 ||     6
       Punch             |       |     1 ||     1
 Cast: Beastly Appendage |     9 |     6 ||    15
       Wereblood         |       |     1 ||     1
Evoke: Wand              |       |     1 ||     1
  Use: Potion            |     1 |     3 ||     4
Armor: Robe              |    19 |    14 ||    33
       Skin              |     2 |       ||     2
Dodge: Dodged            |    46 |    22 ||    68

Table legend: (Time is in decaauts)
 A = Elapsed time spent in this place.
 B = Non-inter-level travel time spent in this place.
 C = Inter-level travel time spent in this place.
 D = Time resting spent in this place.
 E = Time spent auto-exploring this place.
 F = Levels seen in this place.
 G = Mean time per level.
                   A        B        C        D        E       F      G
               +--------+--------+--------+--------+--------+-----+--------+
         Total |    941 |    903 |     38 |     40 |    561 |   3 |  313.7 |
       Dungeon |    941 |    903 |     38 |     40 |    561 |   3 |  313.7 |
               +--------+--------+--------+--------+--------+-----+--------+

Top non-repeatable levels by time:
     D:3: 476 daAuts
     D:1: 455 daAuts
     D:2: 8 daAuts
